 Dungeon Crawl Stone Soup version 0.26.1-11-gd32895ea62 (webtiles) character file.

Game seed: 5498073983185332915

4101 H0rd4k the Martial Artist (level 10, -2/61 HPs)
             Began as an Octopode Transmuter on July 13, 2021.
             Was an Initiate of Gozag.
             Killed from afar by Blork the orc (7 damage)
             ... with a puff of flame
             ... on level 8 of the Dungeon.
             The game lasted 00:10:49 (10186 turns).

H0rd4k the Martial Artist (Octopode Transmuter)    Turns: 10186, Time: 00:10:50

Health: -2/61      AC:  5    Str: 10    XL:     10   Next: 26%
Magic:  27/27      EV: 25    Int: 24    God:    Gozag
Gold:   1094       SH:  0    Dex: 19    Spells: 15/19 levels left

rFire    x . .     SeeInvis .     - Unarmed
rCold    + . .     Faith    .   (no shield)
rNeg     . . .     Spirit   .   (helmet restricted)
rPois    .         Reflect  .   x - amulet of magic regeneration
rElec    .         Harm     .   c - +6 ring of intelligence
rCorr    .         Rampage  .   f - +4 ring of evasion
Will     .....                  p - ring of magical power
Stlth    +++.......             v - +4 ring of evasion
HPRegen  0.20/turn              H - +6 ring of dexterity
MPRegen  0.45/turn              L - ring of flight
                                M - ring of ice
                                J - +4 ring of protection

@: gold aura
A: almost no armour, stealthy swim, amphibious, 8 rings, constrict 8, camouflage
1, gelatinous body 1
a: Renounce Religion, Evoke Flight, Potion Petition, Call Merchant, Bribe Branch


You were on level 8 of the Dungeon.
You worshipped Gozag.
Gozag was most pleased with you.
You visited 1 branch of the dungeon, and saw 8 of its levels.

You collected 1130 gold pieces.
You paid 36 gold pieces to Gozag.

Inventory:

Hand Weapons
 z - a +0 club
Missiles
 A - 6 silver javelins
 N - 6 poisoned darts
Jewellery
 c - a +6 ring of intelligence (left tentacle)
 f - a +4 ring of evasion (right tentacle)
 p - a ring of magical power (on tentacle)
 r - an uncursed amulet of faith
 v - a +4 ring of evasion (on tentacle)
 x - an amulet of magic regeneration (around mantle)
 H - a +6 ring of dexterity (on tentacle)
 I - a cursed -4 ring of dexterity
 J - a +4 ring of protection (on tentacle)
 L - a ring of flight (on tentacle)
 M - a ring of ice (on tentacle)
Wands
 C - a wand of iceblast (5)
 D - a wand of digging (10)
 E - a wand of acid (10)
 O - a wand of flame (10)
Scrolls
 a - 7 scrolls of teleportation {unknown}
 b - 2 scrolls of blinking {unknown}
 e - 7 scrolls of identify {unknown}
 h - 3 scrolls of remove curse
 j - a scroll of immolation {unknown}
 k - 3 scrolls of enchant armour {unknown}
 l - 4 scrolls of fog {unknown}
 o - 2 scrolls of enchant weapon {unknown}
 q - a scroll of fear {unknown}
 u - 3 scrolls of amnesia {unknown}
 y - 2 scrolls of random uselessness {unknown}
 K - a scroll of magic mapping {unknown}
Potions
 d - 2 potions of mutation {unknown}
 g - 2 potions of degeneration {unknown}
 i - 3 potions of heal wounds {unknown}
 m - 4 potions of curing {unknown}
 n - 3 potions of lignification {unknown}
 s - 3 potions of flight {unknown}
 t - 2 potions of resistance
 w - 3 potions of might {unknown}
 B - a potion of magic {unknown}
 F - a potion of brilliance {unknown}
 G - a potion of berserk rage {unknown}


   Skills:
 + Level 2.4 Fighting
 + Level 5.4 Dodging
 - Level 0.8 Stealth
 + Level 10.4 Unarmed Combat
 * Level 5.4 Spellcasting
 * Level 6.1 Transmutations
 - Level 4.1 Poison Magic


You had 15 spell levels left.
You knew the following spells:

 Your Spells              Type           Power        Failure   Level
a - Beastly Appendage     Tmut           70%          1%          1
b - Spider Form           Tmut/Pois      15%          3%          3

Your spell library contained the following spells:

 Spells                   Type           Power        Failure   Level
 Wereblood                Tmut           35%          1%          2
 Corona                   Hex            6%           9%          1
 Blade Hands              Tmut           17%          19%         5
 Ice Form                 Ice/Tmut       31%          24%         4


Dungeon Overview and Level Annotations

Branches:
Dungeon (8/15)             Temple (0/1) D:4            Lair (0/6) D:8

Altars:
Fedhas
Gozag
Hepliaklqana
Nemelex Xobeh
Qazlal
Sif Muna
Trog
Uskayaw
Xom
The Shining One

Annotations:
D:3 1 runed translucent door, exclusions: door and downstairs, Crazy Yiuf
D:6 3 runed translucent doors, exclusions: 3 doors and downstairs, hYBRISjENS's ghost, novice MiFi
D:7 exclusion: death yak
D:8 Blork the orc


Innate Abilities, Weirdness & Mutations

You cannot wear most types of armour.
You are very stealthy in the water. (Stealth+)
You are amphibious.
You can wear up to eight rings at the same time.
You can use your tentacles to constrict eight enemies at once.
Your skin changes colour to match your surroundings (Stealth+).
Your rubbery body absorbs attacks. (AC +1, EV +1)


Message History

A puff of frost appears from out of thin air!
The puff of frost hits you. You resist.
You closely miss something.
You hear some strange, mumbled words.
A magic dart appears from out of thin air!
The magic dart hits you!
* * * LOW HITPOINT WARNING * * *
You barely miss something. Something completely misses you.
You completely miss something.
Your transformation has ended.
Something closely misses you.
You hear some strange, mumbled words.
A puff of flame appears from out of thin air!
The puff of flame hits you! The fire burns you terribly!
* * * LOW HITPOINT WARNING * * *
You hear some strange, mumbled words.
A puff of flame appears from out of thin air!
The puff of flame hits you! The fire burns you terribly!
You die...
Your body crumbles into a pile of gold.

#.#.#### ##.#....#
.#.#..#.#
.._...#(#######
.#.#..#....... ..
......#....#########....
.............$$)$....>..
..#####....#####.###....
..# #....# #@# . ..#
#)...# #$# ..# #....#
#.{.....# ..# #....#
#........# ..# #....#
#..###.... ### #....#
#..#)# ..# #....#
#..###. .# ..#### ....
... # ..# .... . .#


There were no monsters in sight!

Vanquished Creatures
  2 death yaks (D:8)
  Sigmund (D:4)
  Eustachio (D:4)
  Menkaure (D:7)
  Edmund (D:4)
  An orc warrior (D:5)
  2 sky beasts (D:7)
  A phantom (D:7)
  2 ogres
  2 centaurs
  2 bullfrogs
  3 scorpions
  4 wights (D:8)
  4 crimson imps (D:5)
  2 quasits
  3 jellies
  3 hounds
  10 orc wizards
  3 orc priests
  Jessica (D:2)
  A bullfrog skeleton (D:6)
  2 iguanas
  A hell rat (D:8)
  2 worker ants
  A hound zombie (D:7)
  A worker ant zombie (D:8)
  5 adders
  A river rat (D:8)
  2 shadow imps
  2 ufetubi
  An ooze (D:2)
  An adder skeleton (D:4)
  4 worms
  A dart slug (D:1)
  5 leopard geckos
  29 orcs
  8 giant cockroaches
  8 goblins
  12 hobgoblins
  14 jackals
  12 quokkas
  3 ball pythons
  A ball python skeleton (D:4)
  9 bats
  3 frilled lizards
  13 kobolds
  A leopard gecko skeleton (D:3)
  15 rats
207 creatures vanquished.

Notes
Turn   | Place    | Note
-------+----------+-------------------------------------------
     0 | D:1      | H0rd4k the Octopode Transmuter began the quest for the Orb.
     0 | D:1      | Reached XP level 1. HP: 13/13 MP: 3/3
   127 | D:1      | Reached XP level 2. HP: 6/18 MP: 5/5
  1146 | D:1      | Reached XP level 3. HP: 19/23 MP: 6/6
  1760 | D:1      | Learned a level 3 spell: Spider Form
  1785 | D:2      | Noticed Jessica
  1810 | D:2      | Killed Jessica
  1811 | D:2      | Reached XP level 4. HP: 26/28 MP: 1/7
  1921 | D:2      | Reached skill level 1 in Poison Magic
  3332 | D:3      | Reached skill level 4 in Unarmed Combat
  3332 | D:3      | Reached XP level 5. HP: 33/33 MP: 8/8
  3521 | D:3      | Found a bloodstained altar of Trog.
  3596 | D:3      | Found a faded altar of an unknown god.
  3781 | D:3      | Reached XP level 6. HP: 37/38 MP: 10/10
  4079 | D:3      | Found a runed translucent door.
  4080 | D:3      | Noticed Crazy Yiuf
  4273 | D:3      | Found an opulent altar of Gozag.
  4273 | D:3      | Found a sparkling altar of Nemelex Xobeh.
  4290 | D:3      | Found a glowing golden altar of the Shining One.
  4292 | D:3      | Found a stormy altar of Qazlal.
  4293 | D:3      | Found a shimmering blue altar of Sif Muna.
  4305 | D:3      | Became a worshipper of Gozag Ym Sagoz the Greedy
  4472 | D:4      | Noticed Sigmund
  4472 | D:4      | Noticed Edmund
  4700 | D:4      | Killed Sigmund
  4701 | D:4      | Reached skill level 5 in Unarmed Combat
  4701 | D:4      | Reached XP level 7. HP: 32/43 MP: 11/11
  4831 | D:4      | Killed Edmund
  4840 | D:4      | Noticed Eustachio
  4851 | D:4      | Killed Eustachio
  4852 | D:4      | Reached skill level 6 in Unarmed Combat
  5100 | D:4      | Found a staircase to the Ecumenical Temple.
  5498 | D:5      | Entered Level 5 of the Dungeon
  5498 | D:5      | Found a hide-covered altar of Uskayaw.
  5569 | D:5      | Found a shimmering altar of Xom.
  5576 | D:5      | Reached XP level 8. HP: 26/48 MP: 13/13
  6783 | D:6      | Found a runed translucent gate.
  6783 | D:6      | Found a runed translucent gate.
  6783 | D:6      | Found a runed translucent gate.
  6784 | D:6      | Noticed hYBRISjENS's ghost (novice MiFi)
  6838 | D:6      | Reached skill level 7 in Unarmed Combat
  7136 | D:6      | Found a shimmering blue altar of Sif Muna.
  7308 | D:6      | Identified Sif Muna's Collected Works on Bewitchment
  7984 | D:7      | Reached XP level 9. HP: 54/54 MP: 15/15
  8150 | D:7      | Reached skill level 8 in Unarmed Combat
  8150 | D:7      | Reached skill level 5 in Transmutations
  8705 | D:7      | Found a hazy altar of Hepliaklqana.
  8733 | D:7      | Noticed Menkaure
  8759 | D:7      | Killed Menkaure
  8868 | D:7      | Reached skill level 5 in Dodging
  9542 | D:8      | Found a blossoming altar of Fedhas.
  9550 | D:8      | Noticed a death yak
  9561 | D:8      | Noticed a death yak
  9561 | D:8      | Noticed a death yak
  9696 | D:8      | Found a staircase to the Lair.
  9759 | D:8      | Reached skill level 9 in Unarmed Combat
  9787 | D:8      | Killed a death yak
  9788 | D:8      | Reached skill level 5 in Spellcasting
  9812 | D:8      | Killed a death yak
  9813 | D:8      | Reached skill level 10 in Unarmed Combat
  9813 | D:8      | Reached XP level 10. HP: 23/61 MP: 18/18
 10168 | D:8      | Noticed Blork the orc
 10186 | D:8      | Killed from afar by Blork the orc

Illustrated notes

Levels and vault maps discovered:
D:1:      psy_arrival_wood_between_worlds, layout_basic
D:2:      layout_basic, kennysheep_jessica_study
D:3:      layout_loops_ring, chequers_temple_overflow_minitemple,
          overflow_temple_1_default, chequers_ecumenical_altar_island,
          serial_bayou_pond_e, uniq_crazy_yiuf_cottage
D:4:      layout_rooms, minmay_temple_entry_sparse_star, serial_bayou_crossing,
          uniq_eustachio, uniq_sigmund, uniq_edmund
D:5:      layout_rooms, led_xom_imps, eat_drink_and_be_merry_uskayaw,
          guppyfry_early_orc_mine
D:6:      layout_basic, gammafunk_ghost_necromancy, led_sif_book
D:7:      layout_basic, nzn_hepliaklqana_mist_gate, uniq_menkaure
D:8:      layout_basic, lemuel_round_altar, nicolae_overflow_hidden_temple,
          lemuel_crystal_altar, dpeg_lair_monsters, sword_in_stone, uniq_harold,
          uniq_erica

Skill      XL: |  1  2  3  4  5  6  7  8  9 |
---------------+----------------------------+-----
Poison Magic   | 2 3 4 |  4.1
Unarmed Combat | 4 5 6 7 10 | 10.4
Transmutations | 3 4 6 |  6.1
Dodging        | 3 4 5 |  5.4
Spellcasting   | 3 4 5 |  5.4
Fighting       | 2 |  2.4
Stealth        | |  0.8

Action                   |  1- 3 |  4- 6 |  7- 9 | 10-12 || total
-------------------------+-------+-------+-------+-------++-------
Melee: Unarmed           |    85 |   172 |   357 |    52 ||   666
       Constrict         |    16 |    32 |    32 |       ||    80
       Tentacles         |     9 |    30 |    22 |       ||    61
       Punch             |     2 |     1 |     7 |       ||    10
 Cast: Spider Form       |     1 |     3 |    21 |     2 ||    27
  Use: Scroll            |       |       |     1 |       ||     1
 Stab: Sleeping          |     8 |     9 |     5 |       ||    22
       Distracted        |       |       |     2 |     1 ||     3
Armor: Skin              |     8 |     6 |    12 |     2 ||    28
Dodge: Dodged            |    39 |   123 |   341 |    49 ||   552
